 Dungeon Crawl Stone Soup version 0.26.0-10-g1f06aea511 (webtiles) character file.

Game seed: 14367349558904738821

412 MysterY8s the Shooter (level 7, -2/69 HPs)
             Began as a Halfling Hunter on Jan 31, 2021.
             Slain by a scorpion (6 damage)
             ... on level 4 of the Dungeon.
             The game lasted 00:38:55 (3339 turns).

MysterY8s the Shooter (Halfling Hunter)             Turns: 3339, Time: 00:38:56

Health: -2/69      AC: 23    Str: 13    XL:     7   Next: 14%
Magic:  7/7        EV:  3    Int: 11    God:
Gold:   228        SH:  0    Dex: 17    Spells: 6/6 levels left

rFire    . . .     SeeInvis .   G - +3 quarterstaff (chaos)
rCold    . . .     Faith    .   (shield currently unavailable)
rNeg     + + +     Spirit   .   (armour currently unavailable)
rPois    +         Reflect  .   (helmet currently unavailable)
rElec    .         Harm     .   (cloak currently unavailable)
rCorr    .         Rampage  .   (gloves currently unavailable)
Will     .....     NoTele   +   (boots currently unavailable)
Stlth    +++.......             m - amulet of magic regeneration
HPRegen  0.21/turn              (no ring)
MPRegen  0.35/turn              (no ring)

@: lethally poisoned (-2 -> -3), tree-form (expiring), very slightly
contaminated, invisible
A: small, thin skeletal structure 1, mutation resistance 1
a: no special abilities


You were on level 4 of the Dungeon.
You were a tree.
You visited 1 branch of the dungeon, and saw 4 of its levels.

You collected 228 gold pieces.

Inventory:

Hand Weapons
 a - a +1 shortbow
 b - a +0 short sword
 f - a +0 club
 p - a +0 short sword
 A - a +0 scythe
 D - a +0 mace
 G - a +3 quarterstaff of chaos (weapon)
Missiles
 d - 26 arrows
 e - 103 stones (quivered)
 g - 30 bolts
 n - 9 sling bullets
 o - 13 poisoned darts
 q - 5 large rocks
 I - a throwing net
Armour
 c - a +0 leather armour
 i - a +0 scale mail
 j - a +0 ring mail
 k - a +1 chain mail (melded)
 B - a +2 robe of positive energy
 H - a +0 cloak
 K - a +0 robe
Jewellery
 m - an amulet of magic regeneration (around neck)
 r - an uncursed amulet of regeneration
 w - an uncursed amulet of regeneration
Scrolls
 h - 3 scrolls of identify {unknown}
 s - a scroll of immolation
 x - a scroll of enchant weapon
 E - 4 scrolls of remove curse {unknown}
Potions
 l - 3 potions of flight {unknown}
 u - a potion of ambrosia {unknown}
 v - a potion of might {unknown}
 z - a potion of mutation
 F - a potion of degeneration {unknown}
 J - a potion of lignification {unknown}


   Skills:
 + Level 3.2 Fighting
 + Level 7.7 Bows
 + Level 1.5 Armour
 + Level 2.4 Dodging
 + Level 1.3 Stealth


You had 6 spell levels left.
You didn't know any spells.
Your spell library was empty.

Dungeon Overview and Level Annotations

Branches:
Dungeon (4/15)
 Temple: D:4-7

Altars:
Cheibriados
Kikubaaqudgha
Sif Muna
Vehumet
Yredelemnul

Annotations:
D:4 Blork the orc


Innate Abilities, Weirdness & Mutations

You are small and have problems with some larger weapons.
You are somewhat resistant to further mutation.
You have a somewhat thin skeletal structure. (Dex +2, Stealth)


Message History

You feel sick. The scorpion barely misses you.
Blork the orc mumbles some strange words.
Blork the orc seems to speed up.
As you read the scroll labelled CEOCSI TEYZAMOE, it crumbles to dust.
The creatures around you are filled with an inner flame!
It was a scroll of immolation.
Your transformation is almost over.
Blork the orc hits you but does no damage.
The scorpion stings you but does no damage.
As you read the scroll labelled VUSESI MUOSCH, it crumbles to dust.
You cannot blink because you are held in place by your roots.
It was a scroll of blinking.
You feel sick. Blork the orc barely misses you. The scorpion stings you.
* * * LOW HITPOINT WARNING * * *
As you read the scroll labelled JIOLIO SOMUUGI, it crumbles to dust.
It is a scroll of enchant armour.
Your +0 chain mail glows green for a moment.
Blork the orc begins to cast a cantrip, but forgets the words!
The scorpion stings you.
You die...

#.[.... .# # #....... .#
### #......# .# ..##
##.$....#####+###.#...##
#.................#...##
.....#.......(........ +
..................#... #
..................#... #
......s♣o..###..#.#...##
.###.......# ##.#.# #..
#..(....# #...# ##..
#.(.....# ##.†###...
#(......# #.>......
#.......# ##.###...
........# #.# #...
.........# ##'###>..
....#####...##...


You could see Blork the orc (fast, inner flame) and a scorpion (inner flame).

Vanquished Creatures
  Sigmund (D:2)
  2 hounds (D:4)
  Crazy Yiuf (D:3)
  A bullfrog skeleton (D:4)
  Jessica (D:2)
  An iguana (D:4)
  2 adders
  An ooze (D:3)
  A worm (D:3)
  A dart slug (D:3)
  2 leopard geckos (D:3)
  3 orcs
  7 bats
  8 goblins
  7 hobgoblins
  2 jackals (D:1)
  A quokka (D:3)
  4 frilled lizards
  10 kobolds
  A leopard gecko skeleton (D:4)
  6 rats
63 creatures vanquished.

Notes
Turn   | Place    | Note
-------+----------+-------------------------------------------
     0 | D:1      | MysterY8s the Halfling Hunter began the quest for the Orb.
     0 | D:1      | Reached XP level 1. HP: 14/14 MP: 1/1
   181 | D:1      | Reached XP level 2. HP: 15/19 MP: 2/2
   531 | D:1      | Reached skill level 5 in Bows
   547 | D:1      | Reached XP level 3. HP: 18/24 MP: 3/3
  1151 | D:2      | Found a radiant altar of Vehumet.
  1194 | D:2      | Noticed Jessica
  1196 | D:2      | Noticed Sigmund
  1231 | D:2      | Killed Jessica
  1232 | D:2      | Reached XP level 4. HP: 29/29 MP: 4/4
  1403 | D:2      | Found a basalt altar of Yredelemnul.
  1464 | D:2      | Killed Sigmund
  1465 | D:2      | Reached skill level 6 in Bows
  1465 | D:2      | Reached skill level 1 in Armour
  1465 | D:2      | Reached XP level 5. HP: 22/35 MP: 5/5
  1465 | D:2      | Reached XP level 6. HP: 26/41 MP: 6/6
  2097 | D:3      | Reached skill level 7 in Bows
  2411 | D:3      | Found a runed translucent door.
  2412 | D:3      | Noticed Crazy Yiuf
  2429 | D:3      | Killed Crazy Yiuf
  2578 | D:3      | Found a shimmering blue altar of Sif Muna.
  2701 | D:3      | Found a snail-covered altar of Cheibriados.
  3171 | D:4      | Found an ancient bone altar of Kikubaaqudgha.
  3192 | D:4      | Reached XP level 7. HP: 15/46 MP: 7/7
  3319 | D:4      | Noticed Blork the orc
  3333 | D:4      | Gained mutation: You have a somewhat thin skeletal
                  | structure. (Dex +2, Stealth) [potion of mutation]
  3339 | D:4      | Slain by a scorpion

Illustrated notes

Levels and vault maps discovered:
D:1:      noname_arrival_rooms_in_the_neighbourhood, layout_basic, minivault_25
D:2:      layout_rooms, lemuel_doored_altar, overflow_temple_1_default,
          uniq_jessica, uniq_sigmund
D:3:      layout_rooms, old_standard_altar, nicolae_overflow_crystal_walls,
          uniq_crazy_yiuf_cottage
D:4:      layout_basic, kiku_gazebo_pond_becter, gup_sewer_entry_bubbles,
          uniq_blork_the_orc

Skill      XL: |  1  2  3  4  5  6 |
---------------+-------------------+-----
Bows           | 5 6 7 |  7.7
Fighting       | 2 3 |  3.2
Armour         | 1 |  1.5
Dodging        | |  2.4
Stealth        | |  1.3

Action                   |  1- 3 |  4- 6 |  7- 9 || total
-------------------------+-------+-------+-------++-------
Melee: Quarterstaff      |       |     2 |     9 ||    11
 Fire: Shortbow          |    91 |   126 |       ||   217
Throw: Stone             |       |       |     6 ||     6
  Use: Potion            |     1 |     1 |     2 ||     4
       Scroll            |     1 |       |     4 ||     5
Armor: Leather armour    |     6 |       |       ||     6
       Chain mail        |    24 |    34 |     3 ||    61
       Skin              |       |       |     6 ||     6
Dodge: Dodged            |    34 |    25 |     7 ||    66
